 Dungeon Crawl Stone Soup version 0.31-a0-210-gccc998df9b (webtiles) character file.

Game seed: 4062265167743636270

60 qw the Shooter (level 4, -8/26 HPs)
             Began as a Gargoyle Hexslinger on June 30, 2023.
             Mangled by a gnoll
             ... wielding a +0 halberd
              (10 damage)
             ... on level 3 of the Dungeon.
             The game lasted 00:00:43 (1734 turns).

qw the Shooter (Gargoyle Hexslinger)                Turns: 1734, Time: 00:00:44

Health: -8/26      AC: 13    Str: 12    XL:     4   Next: 4%
Magic:  5/5        EV: 10    Int: 13    God:
Gold:   243        SH:  0    Dex: 14    Spells: 4/5 levels left

rFire   . . .        Y - +3 sling
rCold   . . .        (no shield)
rNeg    + . .        e - +0 ring mail
rPois   inf          (no helmet)
rElec   +            (no cloak)
rCorr   .            (no gloves)
SInv    .            a - +0 pair of boots
Will    .....        g - amulet of the acrobat
Stlth   +            b - +4 ring of protection
HPRegen 0.24/turn    (no ring)
MPRegen 0.09/turn

%: acrobat
@: no status effects
A: sickness immunity, AC +3, negative energy resistance 1, electricity
resistance, torment resistance 1, petrification resistance
a: no special abilities


You were on level 3 of the Dungeon.
You visited 1 branch of the dungeon, and saw 3 of its levels.

You collected 243 gold pieces.


Innate Abilities, Weirdness & Mutations

You are immune to sickness and miasma.
Your stone body is resilient. (AC +3)
You are immune to poison.
You resist negative energy. (rN+)
You are resistant to electric shocks. (rElec)
You are resistant to unholy torment.
You are immune to petrification.


   Skills:
 - Level 2.2 Fighting
 + Level 3.5 Ranged Weapons
 - Level 1.0 Armour
 - Level 1.5 Dodging
 - Level 1.0 Spellcasting
 - Level 2.6 Hexes


You had 4 spell levels left.
You knew the following spells:

 Your Spells              Type           Power      Damage    Failure   Level
a - Slow                  Hex            28%        N/A       22%         1

Your spell library contained the following spells:

 Spells                   Type           Power      Damage    Failure   Level
 Inner Flame              Hex/Fire       4%         N/A       73%         3
 Portal Projectile        Hex/Tloc       8%         N/A       73%         3
 Cause Fear               Hex            3%         N/A       91%         4

Inventory:

Hand Weapons
 Y - a +3 sling (weapon)
Armour
 a - a +0 pair of boots (worn)
 e - a +0 ring mail (worn)
Jewellery
 b - a +4 ring of protection (left hand)
 g - an amulet of the acrobat (around neck)
Potions
 c - a potion of heal wounds {unknown}
 d - a potion of degeneration {unknown}
 f - a potion of attraction {unknown}
 i - a potion of brilliance {unknown}

Dungeon Overview and Level Annotations

Branches:
Dungeon (3/15)

Altars:
The Shining One


Message History

3 gnolls and an endoplasm come into view.
The gnoll shouts! x2
The endoplasm quivers.
The gnoll moves out of view.
Enter note:
Enter note:
1727 ||| Stepping ~*~*~tactically~*~*~ (outnumbered).
You shoot a sling bullet. The sling bullet hits the gnoll.
The gnoll is moderately wounded.
The gnoll barely misses you.
You shoot a sling bullet. The sling bullet hits the gnoll.
The gnoll is severely wounded.
The gnoll hits you from afar with a +0 halberd.
You shoot a sling bullet.
The sling bullet barely misses the gnoll.
The sling bullet hits the gnoll.
The gnoll is lightly wounded.
The gnoll closely misses you.
The gnoll hits you from afar with a +0 halberd.
You shoot a sling bullet. The sling bullet hits the gnoll.
The gnoll is moderately wounded.
The gnoll hits you with a +0 flail.
A rat comes into view.
The gnoll barely misses you.
The gnoll hits you from afar with a +0 halberd.
You shoot a sling bullet.
The sling bullet closely misses the gnoll. x2
The gnoll hits you with a +0 flail. The gnoll hits you but does no damage.
The gnoll closely misses you.
You shoot a sling bullet.
The sling bullet barely misses the gnoll.
The sling bullet hits the gnoll!
The gnoll is severely wounded.
The gnoll misses you. The gnoll barely misses you. x2
The gnoll hits you from afar with a +0 halberd.
The gnoll hits you with a +0 flail. The gnoll hits you but does no damage.
You shoot a sling bullet. The sling bullet hits the gnoll!
You kill the gnoll!
The gnoll hits you from afar with a +0 halberd!
You die...

..##...##...## ###.
##.#.._..###.## ....
#.#..)..# #.## J..
#.####### #.## #..
####..# #.## #..
#..#####.#. #..
##.........
#Jg##########.#.#.#..
#rg)@.........#.#.#..
......#############.#.#..
##### ###########.#.##.
#.............##(
#######.#########.##.#.
#.......# #.#(...
#.####### #....). #.#
#.#...# #.# #.##.##


You could see 2 gnolls, an endoplasm and a rat.

Vanquished Creatures
  A gnoll (D:3)
  An adder (D:1)
  3 dart slugs
  An orc (D:3)
  6 bats
  7 endoplasms
  A giant cockroach (D:2)
  3 goblins
  4 hobgoblins
  4 kobolds
  4 quokkas
  3 ball pythons
  2 frilled lizards (D:2)
  A rat (D:1)
41 creatures vanquished.

Notes
Turn   | Place    | Note
-------+----------+-------------------------------------------
     0 | D:1      | qw the Gargoyle Hexslinger began the quest for the Orb.
     0 | D:1      | Reached XP level 1. HP: 12/12 MP: 2/2
     0 | D:1      | 0 ||| qw: Version: 0.3-a-24-ga2abf7b
     0 | D:1      | 0 ||| qw: Game counter: 7083
     0 | D:1      | 0 ||| qw: Melee chars always use a shield: true
     0 | D:1      | 0 ||| qw: God list: Okawaru
     0 | D:1      | 0 ||| qw: Allow faded altars: false
     0 | D:1      | 0 ||| qw: Do Orc after clearing Dungeon:15 true
     0 | D:1      | 0 ||| qw: Do second Lair branch before Depths: true
     0 | D:1      | 0 ||| qw: Lair rune preference: random
     0 | D:1      | 0 ||| qw: Goals: Normal
     0 | D:1      | 0 ||| PLANNING D:1-11
    76 | D:1      | Found a faded altar of an unknown god.
   126 | D:1      | 126 ||| FLEEEEING.
   148 | D:1      | Reached XP level 2. HP: 16/16 MP: 3/3
   235 | D:1      | HP: 4/16 [quokka (1)]
   242 | D:1      | Reached skill level 3 in Ranged Weapons
   545 | D:1      | 545 ||| UPGRADING to +0 ring mail.
   563 | D:1      | 563 ||| UPGRADING to +0 ring mail.
   573 | D:1      | 573 ||| DROPPING +0 robe.
   739 | D:1      | 739 ||| UPGRADING to amulet of the acrobat.
   744 | D:1      | 744 ||| READING scroll labelled IKKEUS TOJO.
   745 | D:1      | 745 ||| READING scroll labelled NOUT QOTHRI WOT.
   746 | D:1      | 746 ||| READING scroll labelled LIFRANN LAGI.
   747 | D:1      | 747 ||| READING scroll labelled RORPHO DASUHORPH.
   748 | D:1      | 748 ||| DROPPING scroll of poison.
   787 | D:2      | 787 ||| STAIRDANCE
   795 | D:1      | Reached XP level 3. HP: 8/21 MP: 4/4
  1192 | D:2      | 1192 ||| UPGRADING to +0 pair of boots.
  1197 | D:2      | 1197 ||| READING scroll labelled KIKHADD UTIAM.
  1198 | D:2      | 1198 ||| READING scroll labelled ARREUPE KICI.
  1227 | D:2      | 1227 ||| STAIRDANCE
  1312 | D:2      | Reached skill level 1 in Armour
  1531 | D:2      | 1531 ||| READING scroll of enchant weapon.
  1531 | D:2      | 1531 ||| ENCHANTING +2 sling.
  1532 | D:2      | 1532 ||| UPGRADING to +4 ring of protection.
  1533 | D:2      | 1533 ||| READING 2 scrolls labelled UHYNAC PONO.
  1534 | D:2      | 1534 ||| DROPPING scroll of blinking.
  1545 | D:3      | Found a glowing golden altar of the Shining One.
  1590 | D:3      | Reached XP level 4. HP: 26/26 MP: 5/5
  1727 | D:3      | 1727 ||| Stepping ~*~*~tactically~*~*~ (outnumbered).
  1732 | D:3      | HP: 5/26 [gnoll/+0 flail (5)]
  1733 | D:3      | HP: 2/26 [gnoll/+0 halberd (3)]
  1734 | D:3      | Mangled by a gnoll

Levels and vault maps discovered:
D:1:      denvon_arrival_waterhouse, layout_rooms,
          shapermc_ecumenical_altar_notcrosses, serial_bayou,
          serial_bayou_pond_d, serial_bayou_pond_e, serial_bayou_shore_a,
          serial_bayou_lagoon_a, serial_bayou_ford_a, supply_closet_lemuel,
          minmay_distorted
D:2:      minmay_wonky_spiral, layout_basic
D:3:      layout_loops_ring, mainiacjoe_overflow_alcove_1,
          gammafunk_temple_overflow_forgotten, serial_shops,
          nicolae_shop_hallway_stairs, grunt_ministairs_10

Skill      XL: |  1  2  3 |
---------------+----------+-----
Ranged Weapons | 3 |  3.5
Fighting       | 2 |  2.2
Armour         | 1 |  1.0
Dodging        | |  1.5
Spellcasting   | |  1.0
Hexes          | |  2.6

Action                     |  1- 3 |  4- 6 || total
---------------------------+-------+-------++-------
   Fire: Sling             |   126 |    13 ||   139
    Use: Scroll            |     8 |       ||     8
 Armour: Ring mail         |    25 |     3 ||    28
         Robe              |     3 |       ||     3
  Dodge: Dodged            |    33 |     8 ||    41

Table legend:
 A = Non-vault XP
 B = Vault XP
 C = Vault XP percentage of total XP
 D = Non-vault monster count
 E = Vault monster count
 F = Vault count percentage of total count
                 A         B        C        D         E       F
            +---------+---------+-------+---------+---------+-------
      Total |      90 |      10 |  10.0 |      35 |       6 |  14.6
            +---------+---------+-------+---------+---------+-------
        D:1 |      44 |       1 |   2.2 |      16 |       1 |   5.9
        D:2 |      31 |       5 |  13.9 |      17 |       3 |  15.0
        D:3 |      15 |       4 |  21.1 |       2 |       2 |  50.0
            +---------+---------+-------+---------+---------+-------
